 Dungeon Crawl Stone Soup version 0.29.1-12-g30fa7ad0bf (webtiles) character file.

Game seed: 9076154834398759603

45 sanboga the Trooper (level 3, 0/24 HPs)
             Began as a Gargoyle Berserker on Jan 12, 2023.
             Was a Believer of Trog.
             Slain by Sigmund
             ... wielding a +0 scythe
              (8 damage)
             ... on level 2 of the Dungeon.
             The game lasted 00:01:08 (1479 turns).

sanboga the Trooper (Gargoyle Berserker)            Turns: 1479, Time: 00:01:09

Health: 0/24       AC:  5    Str: 22    XL:     3   Next: 64%
Magic:  3/3        EV: 11    Int:  7    God:    Trog [**....]
Gold:   120        SH:  0    Dex:  9    Spells: 2/2 levels left

rFire   . . .      SeeInvis .   a - +0 hand axe
rCold   . . .      Faith    .   (no shield)
rNeg    + . .      Spirit   .   b - +0 animal skin
rPois   ∞          Reflect  .   (no helmet)
rElec   +          Harm     .   (no cloak)
rCorr   .          Rampage  .   (no gloves)
Will    .....                   (no boots)
Stlth   +.........              (no amulet)
HPRegen 0.08/turn               (no ring)
MPRegen 0.08/turn               (no ring)

@: on berserk cooldown, slowed, very slow
A: sickness immunity, AC +3, negative energy resistance 1, electricity
resistance, torment resistance 1, petrification resistance
a: Renounce Religion, Berserk, Trog's Hand


You were on level 2 of the Dungeon.
You worshipped Trog.
Trog was pleased with you.
You visited 1 branch of the dungeon, and saw 2 of its levels.

You collected 120 gold pieces.

Inventory:

Hand Weapons
 a - a +0 hand axe (weapon)
Armour
 b - a +0 animal skin (worn)
Scrolls
 c - a scroll of immolation {unknown}
 f - a scroll of silence {unknown}
Potions
 d - a potion of curing {unknown}
 e - a potion of resistance {unknown}


   Skills:
 + Level 3.7 Fighting
 * Level 3.5 Axes
 + Level 2.8 Armour
 - Level 1.5 Dodging


You had 2 spell levels left.
You didn't know any spells.
Your spell library was empty.

Dungeon Overview and Level Annotations

Branches:
Dungeon (2/15)

Altars:

Shops:
D:1 (

Annotations:
D:2 Sigmund


Innate Abilities, Weirdness & Mutations

You are immune to sickness and miasma.
Your stone body is resilient. (AC +3)
You are immune to poison.
You resist negative energy. (rN+)
You are resistant to electric shocks. (rElec)
You are resistant to unholy torment.
You are immune to petrification.


Message History

You slash the hobgoblin!
You kill the hobgoblin!
Trog accepts your kill.
You slash the goblin!
You kill the goblin!
Trog accepts your kill.
You hit the hobgoblin. You hit the hobgoblin.
You kill the hobgoblin!
Trog accepts your kill.
You barely miss the goblin. The goblin closely misses you.
You closely miss the goblin. The goblin hits you with a +0 dagger.
You closely miss the frilled lizard. You closely miss the goblin.
You hit the frilled lizard.
You kill the frilled lizard!
Trog accepts your kill.
You barely miss the goblin. The goblin barely misses you.
You barely miss the goblin.
Sigmund the Dreaded comes into view.
He is wielding a +0 scythe.
The goblin hits you with a +0 dagger.
You barely miss the goblin. You slash the goblin!
You kill the goblin!
Trog accepts your kill.
Sigmund gestures wildly while chanting.
Sigmund flickers and vanishes!
Deactivating autopickup; reactivate with Ctrl-A.
Found 15 gold pieces.
You are no longer berserk.
You are exhausted.
You feel yourself slow down.
Items here: )) †††.
Something hits you!
You miss something.
You hear some strange, mumbled words.
A magic dart appears from out of thin air!
The magic dart hits you.
A necrophage comes into view.
You hit something. Something hits you!
You die...

#.#......
#.#.#..#
#####.#.#..
...#.#... .
#......# ...
####..#...# #.#..
......)))##......
#...†<)@{..#
#.####)##......
#.# #..$# #..
.#.n ..#. ..#
#.##. .. #.# #. .
#.# ..


You could see a necrophage.

Vanquished Creatures
  Robin (D:2)
  5 bats (D:1)
  3 endoplasms (D:1)
  A giant cockroach (D:1)
  7 goblins (D:2)
  6 hobgoblins
  A quokka (D:1)
  A ball python (D:1)
  3 frilled lizards
  2 kobolds (D:1)
  A rat (D:1)
31 creatures vanquished.

Notes
Turn   | Place    | Note
-------+----------+-------------------------------------------
     0 | D:1      | sanboga the Gargoyle Berserker began the quest for the Orb.
     0 | D:1      | Reached XP level 1. HP: 14/14 MP: 1/1
   331 | D:1      | Found Koguak's Antique Weapon Emporium.
   364 | D:1      | Reached XP level 2. HP: 19/19 MP: 2/2
  1460 | D:2      | Noticed Robin
  1463 | D:2      | Reached XP level 3. HP: 23/23 MP: 3/3
  1466 | D:2      | Killed Robin
  1466 | D:2      | Reached ** piety under Trog
  1473 | D:2      | Noticed Sigmund
  1478 | D:2      | Noticed a necrophage
  1479 | D:2      | Slain by Sigmund

Illustrated notes

Levels and vault maps discovered:
D:1:      saegor_arrival_simple_e, layout_loops_corners, serial_shops,
          shop_fountains, wander_ebering_terrifying_dragon_lair
D:2:      layout_loops_ring, nicolae_kite_square_tiling_tiny,
          nicolae_hexahallways, uniq_robin, uniq_sigmund, uniq_jessica

Skill      XL: |  1  2 |
---------------+-------+-----
Axes           | 3 |  3.5
Fighting       | |  3.7
Armour         | |  2.8
Dodging        | |  1.5

Action                   || total
-------------------------++-------
Melee: Hand axe          ||    86
       Punch             ||     1
Invok: Berserk           ||     1
Armor: Animal skin       ||    29
Dodge: Dodged            ||    57
